 Dungeon Crawl Stone Soup version 0.29.0-4-gdea44cf6ec (webtiles) character file.

Game seed: 1004112452673558260

30 ProzacElf the Ducker (level 3, -1/19 HPs)
             Began as a Spriggan Abyssal Knight on Aug 27, 2022.
             Was a Believer of Lugonu.
             Killed from afar by an orc wizard (10 damage)
             ... with a magic dart
             ... on level 2 of the Dungeon.
             The game lasted 00:03:09 (1860 turns).

ProzacElf the Ducker (Spriggan Abyssal Knight)      Turns: 1860, Time: 00:03:10

Health: -1/19      AC:  2    Str:  9    XL:     3   Next: 3%
Magic:  14/14      EV: 18    Int: 11    God:    Lugonu [**....]
Gold:   49         SH:  0    Dex: 17    Spells: 2/2 levels left

rFire   . . .      SeeInvis +   a - +1 short sword
rCold   + . .      Faith    .   (no shield)
rNeg    . . .      Spirit   .   b - +0 robe
rPois   .          Reflect  .   (helmet restricted)
rElec   .          Harm     .   (no cloak)
rCorr   .          Rampage  .   (gloves unavailable)
Will    .....                   (boots unavailable)
Stlth   +.........              i - amulet of magic regeneration
HPRegen 0.06/turn               g - ring of protection from cold
MPRegen 0.54/turn               f - ring of magical power

@: confused, very quick
A: very small, no large weapons, unfitting armour, see invisible, speed 3
a: Renounce Religion, Depart the Abyss, Bend Space


You were on level 2 of the Dungeon.
You worshipped Lugonu.
Lugonu was pleased with you.
You visited 1 branch of the dungeon, and saw 2 of its levels.
You visited the Abyss 1 time.

You collected 49 gold pieces.

Inventory:

Hand Weapons
 a - a +1 short sword (weapon)
Missiles
 h - 21 stones
Armour
 b - a +0 robe (worn)
Jewellery
 f - a ring of magical power (right hand)
 g - a ring of protection from cold (left hand)
 i - an amulet of magic regeneration (around neck)
Scrolls
 c - a scroll of fog {unknown}
 e - a scroll of immolation {unknown}
 j - a scroll of teleportation {unknown}
 k - a scroll of amnesia {unknown}
Potions
 d - a potion of brilliance {unknown}


   Skills:
 - Level 2.4 Fighting
 + Level 2.8 Short Blades
 + Level 3.8 Dodging
 + Level 2.4 Invocations


You had 2 spell levels left.
You didn't know any spells.
Your spell library was empty.

Dungeon Overview and Level Annotations

Branches:
Dungeon (2/15)

Altars:


Innate Abilities, Weirdness & Mutations

You are very small and have problems with some larger weapons.
You are too small for most types of armour.
You have supernaturally acute eyesight. (SInv)
You cover ground extremely quickly. (Speed+++)


Message History

Tha orc hits ye wit' a +0 falchion.
Ye take 3 damage, an' haf 13/16 hp.
Ye hit tha orc.
Tha orc be heavily wounded.
Tha orc misses ye.
Ye hit tha orc.
Ye kill tha orc!
Lugonu accepts yer kill.
Ye haf reached level 3!
Yer 'sperience leads ta an increase in yer attributes!
Increase (S)tr'ngth, (I)ntelligence, or (D)'sterity?
Ye feel agile. x2
Ye regain'd 3 hp, an' now haf 16/19 hp.
MP restored: 14 Ye hit tha orc wizard.
Tha orc wizard be lightly wounded.
Tha bat misses ye.
Tha orc wizard misses ye.
Ye hit tha orc wizard.
Tha orc wizard be lightly wounded.
Tha orc wizard casts a spell at ye.
Tha magic dart hits ye.
Tha bat misses ye.
Ye take 6 damage, an' haf 10/19 hp.
MASSIVE DAMAGE!!
Ye barely miss tha orc wizard.
Tha orc wizard be lightly wounded.
Tha bat hits ye but does nay damage.
Tha bat barely misses ye.
Tha orc wizard barely misses ye.
Ye hit tha orc wizard.
Tha orc wizard be moderately wounded.
Tha bat barely misses ye. x2
Tha orc wizard casts a spell at ye.
Ye be confused.
Yer too confused ta move!
Tha bat hits ye but does nay damage.
Tha orc wizard misses ye.
Tha bat barely misses ye.
Tha bat closely misses ye.
Tha bat attacks as ye move away!
Tha bat hits ye.
Tha bat closely misses ye.
Tha orc wizard points at ye an' mumbles some strange words.
Tha magic dart hits ye!
Ouch! Tha re'lly hurt!
Ye die...

#. #.##.#..# #.... #.
#.##.#..###.##. #.
###...........##.
####.##......#########.
..........#### #.
#######....)#### #.
b........_....?#######
#.
####?..8o8..$.#.....#
## #.#.@b..##.#.....#
...###..###.......# ...
##.# #.......# ...
#.....##....# ##
##.#####.####### ...#
#.#.. .. #.#.# #.#.# #.
# #.#####.#.####.
#.......#.##...


You could see an orc wizard and a bat.

Vanquished Creatures
  2 dart slugs (D:1)
  2 orcs (D:2)
  4 endoplasms (D:1)
  4 hobgoblins (D:1)
  A ball python (D:1)
  3 bats
  4 frilled lizards
  2 goblins (D:1)
  A kobold (D:1)
  A rat (D:1)
24 creatures vanquished.

Notes
Turn   | Place    | Note
-------+----------+-------------------------------------------
     0 | Abyss:1  | ProzacElf the Spriggan Abyssal Knight began the quest for
                  | the Orb.
     0 | Abyss:1  | Reached XP level 1. HP: 11/11 MP: 3/3
     0 | Abyss:1  | Found a corrupted altar of Lugonu.
     3 | D:1      | Escaped the Abyss
   722 | D:1      | Reached XP level 2. HP: 16/16 MP: 4/4
  1209 | D:2      | Found a faded altar of an unknown god.
  1851 | D:2      | Reached XP level 3. HP: 16/19 MP: 5/5
  1860 | D:2      | Killed from afar by an orc wizard

Illustrated notes

Levels and vault maps discovered:
D:1:      mrwooster_arrival_statue, layout_rooms
D:2:      layout_loops_cross, dreamdust_ecumenical_altar_statues

Skill      XL: |  1 |
---------------+----+-----
Invocations    | 2 |  2.4
Fighting       | |  2.4
Short Blades   | |  2.8
Dodging        | |  3.8

Action                   || total
-------------------------++-------
Melee: Short sword       ||    92
       Punch             ||     2
Armor: Robe              ||     9
Dodge: Dodged            ||    67
